 Dungeon Crawl Stone Soup version 0.21-a0-509-gecc5317 (webtiles) character file.

935 theanonym the Ruffian (level 7, -1/52 HPs)
             Began as a Purple Draconian Transmuter on Nov 30, 2017.
             Killed by divine providence
             ... invoked by an orc priest
              (13 damage)
             ... on level 7 of the Dungeon.
             The game lasted 00:12:14 (5132 turns).

theanonym the Ruffian (Purple Draconian Transmuter) Turns: 5132, Time: 00:12:16

Health: -1/52      AC: 11    Str: 12    XL:     7   Next: 87%
Magic:  9/11       EV: 12    Int: 16    God:
Gold:   281        SH:  0    Dex: 11    Spells: 2/12 levels left

rFire    . . .     SeeInvis .     - Unarmed
rCold    . . .     Gourm    .   (no shield)
rNeg     . . .     Faith    .   (armour unavailable)
rPois    .         Spirit   .   (helmet restricted)
rElec    .         Reflect  .   v - +0 cloak (curse)
rCorr    .         Harm     .   r - +0 pair of gloves
MR       +....                  j - +2 pair of boots
Stlth    +.........             y - amulet of regeneration {+regen}
HPRegen  0.57/turn              (no ring)
MPRegen  0.12/turn              (no ring)

@: lethally poisoned (-1 -> -14)
A: breathe power, unfitting armour, cold-blooded, AC +6
a: Breathe Dispelling Energy


Innate Abilities, Weirdness & Mutations

You can breathe bolts of dispelling energy.
Your rich purple scales are hard. (AC +6)
You cannot fit into any form of body armour.
You are cold-blooded and may be slowed by cold attacks.


   Skills:
 - Level 1.1 Fighting
 - Level 1.7 Dodging
 + Level 7.1 Unarmed Combat
 - Level 3.1 Spellcasting
 + Level 4.9 Transmutations
 * Level 1.7 Ice Magic
 - Level 3.0 Poison Magic


You had 2 spell levels left.
You knew the following spells:

 Your Spells              Type           Power        Failure   Level  Hunger
a - Beastly Appendage     Tmut           ###...       2%          1    #......
b - Sticks to Snakes      Tmut           ###.....     3%          2    ##.....
c - Spider Form           Tmut/Pois      ###.......   11%         3    ###....
d - Ice Form              Ice/Tmut       ##......     41%         4    #####..

Skill      XL: |  1  2  3  4  5  6  7 |
---------------+----------------------+-----
Unarmed Combat | 4 5 6 7 |  7.1
Transmutations | 3 4 |  4.9
Poison Magic   | 1 2 3 |  3.0
Spellcasting   | 3 |  3.1
Ice Magic      | 1 |  1.7
Fighting       | |  1.1
Dodging        | |  1.7

Action                   |  1- 3 |  4- 6 |  7- 9 || total
-------------------------+-------+-------+-------++-------
Melee: Unarmed           |    99 |   211 |    71 ||   381
       Tailslap          |    10 |    22 |     2 ||    34
       Punch             |     2 |     1 |       ||     3
       Headbutt          |     1 |    12 |     2 ||    15
       Kick              |     5 |     1 |       ||     6
 Cast: Beastly Appendage |     3 |     7 |     1 ||    11
       Spider Form       |       |     7 |     8 ||    15
       Sticks to Snakes  |       |     1 |       ||     1
 Abil: End Transformatio |       |       |     1 ||     1
Evoke: Wand              |       |       |     1 ||     1
  Use: Scroll            |       |     6 |       ||     6
       Potion            |       |     1 |       ||     1
 Stab: Sleeping          |     1 |       |       ||     1
  Eat: Chunk             |     1 |     9 |     4 ||    14
       Fruit             |       |       |     2 ||     2
Armor: Skin              |    31 |    64 |    13 ||   108
Dodge: Dodged            |    63 |   141 |    54 ||   258

Inventory:

Missiles
 a - 101 arrows
 B - 2 throwing nets (quivered)
Armour
 j - a +2 pair of boots (worn)
   (You found it on level 1 of the Dungeon)
 r - a +0 pair of gloves (worn)
   (You bought it in a shop on level 4 of the Dungeon)
 v - a cursed +0 cloak (worn)
   (You found it on level 3 of the Dungeon)
 H - a +1 cloak of poison resistance
   (You took it off Crazy Yiuf on level 6 of the Dungeon)
Jewellery
 y - an amulet of regeneration (around neck) {+regen}
   (You found it on level 3 of the Dungeon)
 E - an uncursed amulet of the gourmand {unknown}
   (You found it on level 5 of the Dungeon)
Wands
 c - a wand of clouds (2)
   (You found it on level 3 of the Dungeon)
 I - a wand of iceblast (19)
   (You found it on level 6 of the Dungeon)
Scrolls
 e - 8 scrolls of remove curse {unknown}
 i - a scroll of random uselessness {unknown}
 k - a scroll of fog {unknown}
 m - a scroll of fear {unknown}
 n - 3 scrolls of amnesia {unknown}
 o - 5 scrolls of teleportation {unknown}
 q - 2 scrolls of blinking {unknown}
 s - 2 scrolls of enchant weapon {unknown}
 A - 3 scrolls of magic mapping {unknown}
 G - 3 scrolls of immolation {unknown}
Potions
 g - 3 potions of haste
 p - a potion of magic
 t - a potion of brilliance {unknown}
 u - a potion of mutation
 w - 3 potions of curing
 z - 2 potions of cancellation {unknown}
 C - a potion of degeneration {unknown}
 D - a potion of flight {unknown}
 F - 2 potions of might
Books
 b - a book of Changes

   Spells                             Type                      Level
   a - Beastly Appendage              Transmutation                1
   b - Sticks to Snakes               Transmutation                2
   c - Spider Form                    Transmutation/Poison         3
   d - Ice Form                       Ice/Transmutation            4
   e - Blade Hands                    Transmutation                5
 x - a book of Cantrips
   (You found it on level 3 of the Dungeon)

   Spells                             Type                      Level
   a - Confusing Touch                Hexes                        1
   b - Animate Skeleton               Necromancy                   1
   c - Summon Small Mammal            Summoning                    1
   d - Apportation                    Translocation                1
Comestibles
 d - 2 royal jellies
 f - 6 bread rations
 h - a fruit
 l - 2 meat rations
 J - 4 chunks of flesh

Dungeon Overview and Level Annotations

Branches:
Dungeon (7/15)             Temple (1/1) D:6

Altars:
Ashenzari
Dithmenos
Elyvilon
Gozag
Hepliaklqana
Kikubaaqudgha
Makhleb
Nemelex Xobeh
Okawaru
Qazlal
Ru
Sif Muna
Trog
Uskayaw
Vehumet
Wu Jian
Xom
Yredelemnul
Zin
The Shining One

Shops:
D:4 [   D:6 (


You were on level 7 of the Dungeon.
You were not hungry.

You visited 2 branches of the dungeon, and saw 8 of its levels.

You collected 335 gold pieces.
You spent 54 gold pieces at shops.


Message History

You eat one of the 5 chunks of flesh.
Your transformation is almost over.
You regained 6 hp, and now have 40/52 hp.
You regained 2 mp, and now have 10/11 mp.
You start resting.
Your transformation has ended.
Your cursed +0 cloak unmelds from your body.
Your +0 pair of gloves unmelds from your body.
Your +2 pair of boots unmelds from your body.
You regained 4 hp, and now have 44/52 hp.
MP restored: 11 You start resting.
Health restored: 52
Okay, then.
Okay, then.
Unknown command.
A crimson imp and a wight come into view.
The crimson imp shouts!
There are monsters nearby!
There are monsters nearby!
There are monsters nearby!
There are monsters nearby!
There is a stone staircase leading up here.
You climb upwards.
There is a stone staircase leading down here.
There is a stone staircase leading down here.
You climb downwards.
There is a stone staircase leading up here.
An adder zombie comes into view.
The adder zombie moves out of view.
You barely miss the adder zombie.
Your tail-slap misses the adder zombie.
You hit the adder zombie.
The adder zombie bites you but does no damage.
You barely miss the adder zombie.
The adder zombie bites you but does no damage.
You closely miss the adder zombie. The adder zombie closely misses you.
You punch the adder zombie! The adder zombie misses you.
You barely miss the adder zombie. The adder zombie barely misses you.
You closely miss the adder zombie. The adder zombie closely misses you.
You barely miss the adder zombie. The adder zombie closely misses you.
You hit the adder zombie. You tail-slap the adder zombie.
You destroy the adder zombie!
No target in view!
No target in view!
Okay, then.
Unknown command.
An orc priest comes into view. It is wielding a trident of venom.
You turn into a venomous arachnid creature.
Your cursed +0 cloak melds into your body.
Your +0 pair of gloves melds into your body.
Your +2 pair of boots melds into your body.
You now have 8/11 mp.
The orc priest shouts!
An orc comes into view. It is wielding a club.
The orc shouts!
You hear a shout!
An orc priest comes into view.
The orc priest hits you with a trident of venom!
You are poisoned.
An orc comes into view. It is wielding a trident.
You take 10 damage, and have 42/52 hp.
The orc shouts!
You hit the orc priest.
The orc priest is poisoned.
You feel very sick.
The orc priest hits you but does no damage.
You take 3 damage, and have 39/52 hp.
You barely miss the orc priest.
You feel sick.
You take 2 damage, and have 37/52 hp.
You hit the orc.
Your transformation is almost over.
You feel very sick. The orc priest closely misses you.
You take 2 damage, and have 35/52 hp.
You have no means to grasp a wand firmly enough.
You barely miss the orc.
You feel very sick. The orc hits you with a club.
The orc priest mumbles some strange prayers to Beogh against you.
Beogh smites you!
* * * LOW HITPOINT WARNING * * *
You take 15 damage, and have 20/52 hp.
MASSIVE DAMAGE!!
* * * LOW HITPOINT WARNING * * *
You feel very sick.
You take 2 damage, and have 18/52 hp.
* * * LOW HITPOINT WARNING * * *
You feel sick.
The orc priest calls upon Beogh to heal the orc priest.
The orc priest is healed somewhat.
You take 2 damage, and have 16/52 hp.
* * * LOW HITPOINT WARNING * * *
You feel very sick.
You take 2 damage, and have 14/52 hp.
Your transformation has ended.
Your cursed +0 cloak unmelds from your body.
Your +0 pair of gloves unmelds from your body.
Your +2 pair of boots unmelds from your body.
* * * LOW HITPOINT WARNING * * *
You feel sick.
The orc priest invokes the aid of Beogh against you.
Beogh smites you!
You die...

#.# ###.# #
..#o# .# #.#o#
.### # #.#.#
.... . #.#.#
.#.# #.
#.#o####### #
#.# #.#o.......
#.####.#@#######
.#.#
#....#...######
...#
##.##.#.......#
#..#
#<###.#..####.#
#.## #.#..# ..
#.# #....# ..#
#. #....# ..# #
#....# .##
.#...#


You could see 2 orc priests and 2 orcs.

Notes
Turn   | Place    | Note
-------+----------+-------------------------------------------
     0 | D:1      | theanonym the Draconian Transmuter began the quest for the Orb.
     0 | D:1      | Reached XP level 1. HP: 16/16 MP: 3/3
   181 | D:1      | Reached XP level 2. HP: 23/23 MP: 5/5
   185 | D:1      | Learned a level 2 spell: Sticks to Snakes
   716 | D:2      | Reached XP level 3. HP: 23/28 MP: 4/6
   844 | D:2      | Reached skill level 4 in Unarmed Combat
  1083 | D:2      | Noticed Terence
  1093 | D:2      | Killed Terence
  1093 | D:2      | Reached skill level 3 in Transmutations
  1093 | D:2      | Reached XP level 4. HP: 30/35 MP: 5/7
  1102 | D:2      | Learned a level 3 spell: Spider Form
  1791 | D:3      | Noticed Jessica
  1829 | D:3      | Found a hide-covered altar of Uskayaw.
  1950 | D:3      | Found a basalt altar of Yredelemnul.
  2152 | D:3      | Killed Jessica
  2152 | D:3      | Reached skill level 1 in Poison Magic
  2152 | D:3      | Reached XP level 5. HP: 40/40 MP: 1/8
  2185 | D:3      | Found an ornate altar of the Wu Jian Council.
  2187 | D:3      | Found a radiant altar of Vehumet.
  2189 | D:3      | Found a shadowy altar of Dithmenos.
  2288 | D:3      | Reached skill level 5 in Unarmed Combat
  2377 | D:4      | Found Bete's Armour Boutique.
  2398 | D:4      | Bought a +0 pair of gloves for 54 gold pieces
  2754 | D:4      | Found a bloodstained altar of Trog.
  2771 | D:4      | HP: 18/40 [gnoll/club (8)]
  3053 | D:4      | Found a glowing golden altar of the Shining One.
  3053 | D:4      | Found a glowing silver altar of Zin.
  3053 | D:4      | Found a white marble altar of Elyvilon.
  3110 | D:5      | Entered Level 5 of the Dungeon
  3110 | D:5      | Noticed Eustachio
  3142 | D:5      | Killed Eustachio
  3142 | D:5      | Reached skill level 2 in Poison Magic
  3142 | D:5      | Reached XP level 6. HP: 37/47 MP: 6/9
  3226 | D:5      | Found a sacrificial altar of Ru.
  3249 | D:5      | Reached skill level 6 in Unarmed Combat
  3249 | D:5      | Reached skill level 4 in Transmutations
  3364 | D:5      | Found a sparkling altar of Nemelex Xobeh.
  3407 | D:5      | HP: 23/47 [hobgoblin/scythe (1)]
  3773 | D:5      | Your scales start taking on a rich purple colour.
  3773 | D:5      | Reached XP level 7. HP: 48/52 MP: 6/10
  3989 | D:6      | Found a staircase to the Ecumenical Temple.
  4024 | D:6      | Reached skill level 3 in Poison Magic
  4096 | Temple   | Entered the Ecumenical Temple
  4383 | D:6      | Found Emanef's Antique Weapon Boutique.
  4469 | D:6      | Reached skill level 3 in Spellcasting
  4482 | D:6      | Learned a level 4 spell: Ice Form
  4544 | D:6      | Found a runed door.
  4645 | D:6      | Found an opulent altar of Gozag.
  4895 | D:6      | Noticed Crazy Yiuf
  4903 | D:6      | Killed Crazy Yiuf
  4990 | D:7      | Reached skill level 7 in Unarmed Combat
  5034 | D:7      | Reached skill level 1 in Ice Magic
  5128 | D:7      | HP: 20/52 [orc priest/divine providence (11)]
  5132 | D:7      | Killed from afar by an orc priest

Vanquished Creatures
  Eustachio (D:5)
  A sky beast (D:7)
  An orc warrior (D:6)
  A centaur (D:5)
  A bullfrog (D:6)
  2 hounds (D:6)
  An orc priest (D:6)
  A jelly (D:5)
  Crazy Yiuf (D:6)
  A bullfrog skeleton (D:5)
  Jessica (D:3)
  Terence (D:2)
  2 orc wizards (D:6)
  2 worker ants
  A worker ant zombie (D:3)
  3 gnolls (D:4)
  4 adders
  3 oozes
  2 adder zombies
  A worm (D:2)
  2 dart slugs
  A leopard gecko (D:3)
  11 orcs
  3 giant cockroaches
  4 goblins
  12 hobgoblins
  2 jackals (D:2)
  2 quokkas
  6 bats
  4 frilled lizards
  11 kobolds
  8 rats
  A plant (D:3)
98 creatures vanquished.
